 Dungeon Crawl Stone Soup version 0.29-a0-923-g6e406bff71 (webtiles) character file.

Game seed: 9634498959168665901

1717315 hesitate the Conqueror (level 26, 145/173 HPs)
             Began as a Gargoyle Fighter on July 27, 2022.
             Was an Initiate of Gozag.
             Escaped with the Orb
             ... and 3 runes on July 28, 2022!
             The game lasted 03:21:28 (62365 turns).

hesitate the Conqueror (Gargoyle Fighter)          Turns: 62365, Time: 03:21:29

Health: 145/173    AC: 68    Str: 27    XL:     26   Next: 45%
Magic:  20/20      EV: 10    Int: 10    God:    Gozag
Gold:   6786       SH: 31    Dex:  5    Spells: 25/25 levels left

rFire   + . .      SeeInvis +   K - +8 mithril axe "Arga" {speed, Will+}
rCold   + . .      Faith    .   h - +4 tower shield {AC+3}
rNeg    + + +      Spirit   .   q - +10 pearl dragon scales
rPois   ∞          Reflect  +   c - +2 helmet {SInv}
rElec   +          Harm     .   J - +2 cloak
rCorr   +          Rampage  .   R - +0 pair of gloves
Will    ++...                   Y - +0 pair of boots of Nemelex Xobeh's Whim {rElec rF+}
Stlth   ..........              y - amulet of reflection
HPRegen 0.38/turn               j - ring "Nulyej" {rC+ rN+ Dex-2 Slay+2 Stlth+}
MPRegen 0.17/turn               p - ring of resist corrosion

@: flying, studying Transmutations
A: sickness immunity, AC +20, big wings, negative energy resistance 1,
electricity resistance, torment resistance 1, petrification resistance, clumsy
1, dopey 1, frail 1, low MP 1, weak 1, no potion heal 1, inability to drink
while threatened 1, inability to read while threatened 1
0: Orb of Zot
}: 3/15 runes: serpentine, barnacled, silver
a: Renounce Religion, Potion Petition, Call Merchant, Bribe Branch


You escaped.
You worshipped Gozag.
Gozag was greatly pleased with you.
You visited 8 branches of the dungeon, and saw 44 of its levels.
You also visited: Trove, Bailey and Ice Cave.

You collected 28374 gold pieces.
You spent 4821 gold pieces at shops.
You paid 16767 gold pieces to Gozag.

Inventory:

Hand Weapons
 a - a +0 morningstar
 K - the +8 mithril axe "Arga" (weapon) {speed, Will+}
   (You found it on level 8 of the Dungeon)

   Attacks with this weapon are significantly faster.
   Will:      It increases your willpower.
Armour
 c - a +2 helmet of see invisible (worn)
 h - a +4 tower shield of protection (worn)
 q - +10 pearl dragon scales (worn)
 J - a +2 cloak (worn)
 R - a +0 pair of gloves (worn)
 Y - the +0 pair of boots of Nemelex Xobeh's Whim (worn) {rElec rF+}
   (You found it in an ice cave)

   rF:        It protects you from fire.
   rElec:     It insulates you from electricity.
Jewellery
 f - an amulet of regeneration
 j - the ring "Nulyej" (left hand) {rC+ rN+ Dex-2 Slay+2 Stlth+}
   (You acquired it on level 9 of the Dungeon)

   [ring of positive energy]

   Dex:       It affects your dexterity (-2).
   Slay:      It affects your accuracy & damage with ranged weapons and melee
   (+2).
   rC:        It protects you from cold.
   rN:        It protects you from negative energy.
   Stlth:     It makes you more stealthy.
 m - the ring of Birdsong {Ice rN+ MP+9}
   (You took it off Josephina on level 4 of the Realm of Zot)

   [ring of ice]

   It enhances your ice magic.
   rF:        It makes you vulnerable to fire.
   rC:        It protects you from cold.
   rN:        It protects you from negative energy.
   MP:        It affects your magic capacity (+9).
 p - a ring of resist corrosion (right hand)
 r - a ring of wizardry
 y - an amulet of reflection (around neck)
 D - a +4 ring of protection
 M - a ring of see invisible
Wands
 d - a wand of iceblast (10)
 i - a wand of charming (32)
 n - a wand of light (28)
 t - a wand of polymorph (12)
 E - a wand of mindburst (42)
 G - a wand of flame (31)
 T - a wand of digging (41)
Scrolls
 b - 17 scrolls of teleportation
 g - 5 scrolls of blinking
 l - 6 scrolls of amnesia
 o - 8 scrolls of butterflies
 v - 8 scrolls of enchant weapon
 x - 10 scrolls of vulnerability
 A - 10 scrolls of fear
 H - 8 scrolls of poison
 P - 3 scrolls of magic mapping
 S - 3 scrolls of brand weapon
 U - a scroll of summoning
 Z - 3 scrolls of silence
Potions
 e - 5 potions of resistance
 k - 13 potions of curing
 s - 9 potions of haste
 u - 6 potions of lignification
 w - 4 potions of heal wounds
 z - 10 potions of attraction
 F - 5 potions of might
 N - 4 potions of mutation
 O - 4 potions of brilliance
 Q - 2 potions of invisibility
 V - 7 potions of cancellation
 W - 6 potions of berserk rage
 X - 4 potions of ambrosia
Miscellaneous
 C - a phantom mirror


   Skills:
 O Level 27 Fighting
 - Level 18.0 Axes
 O Level 27 Armour
 + Level 25.9 Shields


You had 25 spell levels left.
You didn't know any spells.
Your spell library contained the following spells:

 Spells                   Type           Power      Damage    Failure   Level
 Freeze                   Ice            0%         1d3       54%         1
 Magic Dart               Conj           0%         1d3       54%         1
 Sandblast                Erth           0%         2d4       54%         1
 Slow                     Hex            0%         N/A       54%         1
 Blink                    Tloc           0%         N/A       67%         2
 Ensorcelled Hibernation  Hex/Ice        0%         N/A       67%         2
 Passwall                 Tmut/Erth      0%         N/A       67%         2
 Searing Ray              Conj           0%         2d4       67%         2
 Static Discharge         Conj/Air       0%         3-3/arc   67%         2
 Call Canine Familiar     Summ           0%         N/A       88%         3
 Confusing Touch          Hex            0%         N/A       88%         3
 Dazzling Flash           Conj/Hex       0%         N/A       88%         3
 Frozen Ramparts          Ice            0%         1d2       88%         3
 Gell's Gravitas          Tloc           0%         N/A       88%         3
 Ozocubu's Armour         Ice            0%         N/A       88%         3
 Portal Projectile        Hex/Tloc       0%         N/A       88%         3
 Stone Arrow              Conj/Erth      0%         3d7       88%         3
 Summon Guardian Golem    Hex/Summ       0%         N/A       88%         3
 Swiftness                Air            0%         N/A       88%         3
 Teleport Other           Tloc           0%         N/A       88%         3
 Tukima's Dance           Hex            0%         N/A       88%         3
 Vampiric Draining        Necr           0%         2d6       88%         3
 Animate Armour           Summ/Erth      0%         N/A       99%         4
 Fulminant Prism          Conj/Hex       0%         3d6       99%         4
 Hailstorm                Conj/Ice       0%         3d3       99%         4
 Iskenderun's Mystic Bla  Conj/Tloc      0%         2d3       99%         4
 Leda's Liquefaction      Hex/Erth       0%         N/A       99%         4
 Olgreb's Toxic Radiance  Pois           0%         N/A       99%         4
 Alistair's Intoxication  Tmut/Pois      0%         N/A       100%        5
 Blade Hands              Tmut           0%         N/A       100%        5
 Borgnjor's Vile Clutch   Necr/Erth      0%         N/A       100%        5
 Fireball                 Conj/Fire      0%         3d3       100%        5
 Lightning Bolt           Conj/Air       0%         1d11      100%        5
 Manifold Assault         Tloc           0%         N/A       100%        5
 Metabolic Englaciation   Hex/Ice        0%         N/A       100%        5
 Dispersal                Tloc           0%         N/A       100%        6
 Eringya's Noxious Bog    Tmut/Pois      0%         N/A       100%        6
 Iron Shot                Conj/Erth      0%         9d1       100%        6
 Starburst                Conj/Fire      0%         6d3       100%        6
 Orb of Destruction       Conj           0%         9d5       100%        7
 Ozocubu's Refrigeration  Ice            0%         4d5       100%        7
 Spellforged Servitor     Conj/Summ      0%         N/A       100%        7
 Storm Form               Tmut/Air       0%         N/A       100%        7
 Disjunction              Tloc           0%         N/A       100%        8
 Ignition                 Fire           0%         3d3       100%        8
 Lehudib's Crystal Spear  Conj/Erth      0%         10d2      100%        8
 Maxwell's Capacitive Co  Air            0%         ∞         100%        8
 Corpse Rot               Necr/Pois/Air  Unusable   N/A       N/A         4
 Simulacrum               Ice/Necr       Unusable   N/A       N/A         6

Dungeon Overview and Level Annotations

Branches:
Dungeon (15/15)            Temple (0/1) D:6            Lair (5/5) D:8
 Shoals (4/4) Lair:2        Snake (4/4) Lair:2        Slime (0/5) Lair:5
    Orc (2/2) D:11            Elf (0/3) Orc:2        Vaults (5/5) D:14
 Depths (4/4) D:15            Zot (5/5) Depths:4     Bailey (visited)
  IceCv (visited)
  Crypt: Vaults:2-3

Altars:
Ashenzari
Gozag
Kikubaaqudgha
Nemelex Xobeh
Qazlal
Uskayaw
Vehumet
Xom
The Shining One
Jiyva
Lugonu

Shops:
D:8 *:   Orc:2 [?:?[   Snake:3 :==   Vaults:1 (   Vaults:3 ?   Vaults:4 *
Zot:5 *   Depths:1 *[   Depths:3 [   Depths:4 ?[[?!

Portals:
Hell: Depths:1 Depths:2 Depths:3 Depths:4
Abyss: Depths:2 Depths:3
Pandemonium: Orc:2 Depths:1 Depths:2 Depths:4
Ziggurat: Depths:2

Annotations:
D:10 2 transporters, gobodom's ghost, novice DjFE
Lair:5 1 runed translucent door, exclusion: obsidian statue
Snake:1 3 runed translucent doors, Yogidamonk's ghost, journeyman MiBe
Vaults:5 Xtahua
Depths:3 exclusion: oklob plant
Depths:4 2 runed translucent doors, Wiucos's ghost, veteran SpVM
Zot:1 8 runed translucent doors
Zot:5 exclusion: obsidian statue


Innate Abilities, Weirdness & Mutations

You are immune to sickness and miasma.
Your stone body is resilient. (AC +20)
You are immune to poison.
Your large and strong wings let you fly.
You resist negative energy. (rN+)
You are resistant to electric shocks. (rElec)
You are resistant to unholy torment.
You are immune to petrification.
You are clumsy. (Dex -2)
You are dopey. (Int -2)
You are frail. (-10% HP)
Your magical capacity is low. (-10% MP)
You are weak. (Str -2)
Potions are less effective at restoring your health.
You occasionally lose the ability to drink potions when taking damage.
You occasionally lose the ability to read scrolls when taking damage.


Message History

You closely miss the soul eater.
The soul eater is moderately wounded.
You block the soul eater's attack.
You carve the soul eater like a ham!!!
The soul eater is almost dead.
You hit the soul eater.
The soul eater is almost dead.
The soul eater hits you but does no damage.
You slash the soul eater!
You kill the soul eater!
An Executioner comes into view.
You feel yourself speed up. You block the Executioner's attack. x3
The Executioner attacks as you move away!
You block the Executioner's attack.
The Executioner hits you but does no damage.
You block the Executioner's attack.
The Executioner attacks as you move away!
You block the Executioner's attack. x3
You slice the Executioner!!
The Executioner is heavily wounded.
You block the Executioner's attack.
The Executioner hits you but does no damage.
You block the Executioner's attack.
You slash the Executioner!
The Executioner is heavily wounded.
You hit the Executioner.
The Executioner is severely wounded.
You block the Executioner's attack. x2
The Executioner hits you but does no damage.
You slice the Executioner!!
You kill the Executioner!
You now have 6786 gold pieces (gained 18).
A soul eater comes into view.
The soul eater moves out of view.
Your extra speed is starting to run out.
You feel yourself slow down.
There is an escape hatch in the ceiling here.
A mysterious force pulls you upwards. The hatch slams shut behind you.
There is a staircase leading out of the dungeon here.
You have escaped!

#.###'###
######.......#
#............#
#.####.).....#
#.####.####.##
#.#§≈§.≈≈≈#.#
#####
#.'.§§≈≈≈.'.#
#....
#.#§§§...≈#.#
#....
#.#§≈.@.≈≈#.#
#....
#)#§.§.§.≈#.#
#....
#.+§§≈≈§≈.'.#
#....
###§§§§§≈§#.#
#....
####.####.#
#.... #......#
#.... ########
#.... #....
#....


There were no monsters in sight!

Vanquished Creatures
  4 orbs of fire
  Josephina (Zot:4)
  Vv (Zot:2)
  4 curse toes
  3 Killer Klowns (Zot:1)
  6 caustic shrikes
  A golden dragon (shapeshifter) (Depths:4)
  11 golden dragons
  A Tzitzimitl (Zot:5)
  2 electric golems
  12 tentacled monstrosities
  3 liches
  A Hell Sentinel (D:8)
  Mlioglotl (Shoals:3)
  Jorgrun (Orc:1)
  4 titans
  7 quicksilver dragons
  A walking earthen tome (Depths:2)
  10 Orb Guardians
  An Executioner (D:2)
  2 krakens (Shoals:3)
  An acid blob (Depths:3)
  5 sphinxes
  7 death cobs
  9 tengu reavers
  3 draconian monks
  Gastronok (Orc:1)
  13 shadow dragons
  10 storm dragons
  A thorn hunter (Depths:3)
  3 fire giants
  7 nagarajas
  Aizul (Snake:2)
  5 draconian knights
  An iron dragon (Depths:2)
  Louise (Snake:2)
  6 frost giants
  18 vault wardens
  4 draconian stormcallers (Depths:4)
  2 deep elf sorcerers (Vaults:5)
  A ghost moth (Zot:1)
  A juggernaut zombie (Depths:1)
  An angel (Depths:3)
  A cacodemon (Depths:1)
  2 draconian shifters (Zot:4)
  A draconian scorcher (Zot:1)
  6 draconian annihilators
  4 orc warlords
  24 ironbound preservers
  19 very ugly things
  A spriggan defender (Depths:2)
  A juggernaut skeleton (Depths:2)
  9 ironbound thunderhulks
  11 green draconians
  A deep elf demonologist (Vaults:5)
  5 vampire knights
  12 stone giants
  9 black draconians
  7 dire elephants
  9 red draconians
  A minotaur (Lair:1)
  10 purple draconians
  2 spark wasps (Depths:2)
  Snorg (D:14)
  9 yellow draconians
  An entropy weaver (Vaults:1)
  3 white draconians
  A crystal guardian (Vaults:2)
  5 merfolk javelineers
  5 ettins
  8 fire dragons
  10 great orbs of eyes
  8 merfolk impalers
  2 deep elf high priests (Vaults:5)
  13 yaktaur captains
  7 boulder beetles
  25 vault guards
  5 rakshasas
  6 ice dragons
  9 hydras
  3 salamander tyrants (Snake:4)
  A hydra (shapeshifter) (Vaults:5)
  3 spriggan air magi
  Erica (D:11)
  4 anacondas
  A peacekeeper (Vaults:2)
  28 centaur warriors
  2 demonspawn (Orc:2)
  2 merfolk avatars
  11 two-headed ogres
  16 ironbound frosthearts
  11 naga warriors
  4 alligators (Shoals:3)
  3 alligator snapping turtles
  An ogre mage (Vaults:3)
  4 merfolk aquamancers (Shoals:4)
  6 satyrs
  A two-headed ogre (shapeshifter) (Depths:2)
  A spriggan skeleton (Depths:1)
  4 deep troll shamans
  4 deep troll earth magi
  A shock serpent (shapeshifter) (Depths:2)
  6 death yaks
  5 tengu warriors
  2 hell hogs (Depths:1)
  19 naga sharpshooters
  5 orc high priests
  6 soul eaters
  A spriggan berserker (Depths:4)
  22 hell knights
  A titan zombie (Depths:1)
  A storm dragon zombie (Depths:1)
  A vampire mage (Depths:1)
  11 shock serpents
  Sonja (D:11)
  9 sun demons
  A deep elf knight (Vaults:5)
  9 skeletal warriors
  2 sixfirhies
  5 salamander mystics
  A spectral anaconda (Lair:5)
  4 iron trolls
  8 sea snakes
  A spark wasp zombie (Depths:2)
  3 glowing orange brains
  59 deep trolls
  2 flayed ghosts
  A steelbarb worm (shapeshifter) (Depths:2)
  11 wizards
  A death drake (shapeshifter) (Depths:2)
  A deep elf archer (D:14)
  A goliath frog (Shoals:3)
  6 phantasmal warriors
  A golden dragon skeleton (Depths:1)
  9 naga ritualists
  20 ironbound convokers
  14 necromancers
  36 harpies
  15 orc knights
  A lindwurm (shapeshifter) (Depths:2)
  A deep elf zephyrmancer (Vaults:5)
  6 lindwurms
  10 mana vipers
  7 orc sorcerers (Orc:2)
  A deep elf pyromancer (D:15)
  A wolf spider (D:15)
  2 fire giant zombies
  A shining eye (Depths:1)
  A cyclops (shapeshifter) (Vaults:5)
  52 ugly things
  A draconian zombie (Zot:1)
  18 fauns
  11 manticores
  A shining eye (shapeshifter) (D:14)
  9 cyclopes
  12 salamanders
  2 rust devils
  A fire giant skeleton (Depths:1)
  24 moths of wrath
  A guardian serpent (Snake:1)
  2 frost giant skeletons (Depths:1)
  8 naga magi
  A torpor snail (shapeshifter) (Depths:2)
  6 water nymphs
  32 elephants
  21 vault sentinels
  2 dire elephant zombies (Lair:5)
  12 merfolk sirens
  Maurice (D:8)
  40 black mambas
  2 smoke demons
  Joseph (D:8)
  5 gargoyles
  An orange demon (Depths:1)
  A spriggan zombie (Depths:1)
  Maggie (D:6)
  An eye of devastation (Depths:1)
  8 rime drakes
  2 torpor snails
  13 cane toads
  An unseen horror (D:11)
  An unseen horror (shapeshifter) (Depths:2)
  32 yaktaurs
  A rime drake (shapeshifter) (Depths:2)
  2 efreet
  2 freezing wraiths
  An ice devil (Orc:2)
  8 guardian mummies (Zot:1)
  12 komodo dragons
  A spark wasp simulacrum (Depths:1)
  3 tengu conjurers
  A komodo dragon (shapeshifter) (D:14)
  7 trolls
  A troll (shapeshifter) (D:15)
  31 merfolk
  A tarantella (Vaults:1)
  3 hornets
  12 polar bears
  A tarantella (shapeshifter) (Depths:2)
  4 wind drakes
  A wolf spider simulacrum (D:14)
  29 slime creatures
  A dream sheep (shapeshifter) (D:15)
  8 dream sheep
  8 blink frogs
  2 draconian simulacra (Zot:4)
  10 snapping turtles
  A frost giant simulacrum (Depths:1)
  An ettin skeleton (Depths:1)
  2 spriggans (Depths:4)
  A ynoxinul (Depths:2)
  A shadow (D:12)
  A wyvern (Lair:3)
  80 yaks
  4 vampires
  19 water elementals
  3 wraiths
  6 basilisks
  2 yaks (shapeshifter) (Depths:2)
  A basilisk (shapeshifter) (Depths:2)
  A golden eye (shapeshifter) (Depths:2)
  2 neqoxecs
  7 steam dragons
  A chaos spawn (Orc:2)
  A green draconian simulacrum (Zot:4)
  6 vampire mosquitoes
  2 death yak simulacra (Lair:5)
  A redback (Vaults:1)
  38 nagas
  A warg (shapeshifter) (D:14)
  3 spectral cane toads (Lair:5)
  5 wargs
  Edmund (D:6)
  A glowing shapeshifter zombie (Depths:2)
  An acid dragon (D:14)
  An acid dragon (shapeshifter) (Depths:2)
  A floating eye (shapeshifter) (D:14)
  19 water moccasins
  A floating eye (Depths:2)
  2 glowing shapeshifter skeletons (Depths:1)
  44 orc warriors
  A black bear (D:5)
  2 elephant zombies (Lair:5)
  7 ice beasts
  A sky beast (D:7)
  8 ogres
  A tengu (shapeshifter) (Depths:2)
  11 centaurs
  30 wolves
  2 elephant skeletons (Lair:5)
  2 kobold brigands
  12 bullfrogs
  6 scorpions
  4 necrophages
  A human simulacrum (Depths:1)
  3 wights (D:8)
  3 killer bees (D:8)
  An elephant simulacrum (Lair:5)
  8 howler monkeys
  An electric eel (Snake:3)
  A gnoll bouda (D:5)
  3 hounds
  2 jellies (D:5)
  27 orc priests
  3 iguanas
  23 orc wizards
  7 gnolls
  6 adders
  A shadow imp (D:6)
  3 white imps
  2 ufetubi (D:4)
  3 worms
  104 orcs
  4 ball pythons
  5 bats
  5 endoplasms
  5 giant cockroaches
  7 hobgoblins
  12 jackals
  6 quokkas
  A frilled lizard (D:1)
  12 goblins
  12 kobolds
  9 rats
  2 butterflies (Zot:1)
  4 tentacles (Shoals:3)
1985 creatures vanquished.

Vanquished Creatures (collateral kills)
  2 Killer Klowns (Zot:5)
  A golden dragon (Vaults:5)
  An electric golem (Zot:5)
  7 Orb Guardians (Zot:5)
  A sphinx (Vaults:5)
  A storm dragon (Zot:5)
  A vault warden (Vaults:5)
  A draconian scorcher (Zot:5)
  A draconian annihilator (Zot:5)
  A green draconian (Zot:5)
  A red draconian (Zot:5)
  3 ettins (Vaults:5)
  A yaktaur captain (Vaults:5)
  3 vault guards (Vaults:5)
  An ogre mage (Vaults:5)
  A deep troll shaman (Vaults:5)
  A deep troll earth mage (Vaults:5)
  2 deep trolls (Vaults:5)
  An obsidian statue (Zot:5)
  A deep elf archer (Vaults:5)
  An ironbound convoker (Vaults:5)
  A wolf spider (Vaults:5)
  2 deep elf zephyrmancers (Vaults:5)
  A moth of wrath (Zot:5)
  A yaktaur (Vaults:5)
  A tarantella (Vaults:5)
  A redback (Vaults:5)
40 creatures vanquished.

Vanquished Creatures (others)
  2 dread liches (Vaults:5)
  4 orbs of fire (Zot:5)
  A Killer Klown (Zot:5)
  A Tzitzimitl (D:5)
  A tentacled monstrosity (Vaults:5)
  A titan (Vaults:5)
  9 Orb Guardians (Zot:5)
  A sphinx (Vaults:4)
  A death cob (Zot:5)
  3 tengu reavers (Vaults:5)
  A storm dragon (Vaults:5)
  2 draconian monks (Zot:5)
  3 vault wardens (Vaults:5)
  A frost giant (Vaults:5)
  A draconian knight (Zot:5)
  An iron dragon (Vaults:5)
  A draconian shifter (Zot:5)
  A draconian stormcaller (Zot:5)
  2 war gargoyles (Vaults:5)
  An ironbound preserver (Vaults:5)
  A deep elf demonologist (Vaults:5)
  2 green draconians
  A black draconian (Zot:5)
  A deep elf annihilator (Vaults:5)
  A purple draconian (Zot:5)
  2 red draconians (Zot:5)
  3 yellow draconians (Zot:5)
  3 ettins (Vaults:5)
  A deep elf death mage (Vaults:5)
  9 vault guards (Vaults:5)
  A yaktaur captain (Vaults:5)
  An ogre mage (Vaults:5)
  A naga warrior (Snake:4)
  A centaur warrior (Vaults:1)
  A deep troll earth mage (Vaults:5)
  A deep troll (Vaults:5)
  A phantasmal warrior (Vaults:5)
  3 moths of wrath (Zot:5)
  A naga mage (Snake:3)
  A vault sentinel (Vaults:5)
  4 yaktaurs (Vaults:5)
  A ghost moth simulacrum (Zot:4)
  A merfolk (Shoals:3)
  A tarantella (Vaults:5)
  A jumping spider (Vaults:5)
  2 redbacks (Vaults:5)
  A warg (Vaults:5)
  A human (D:3)
  An ogre (shapeshifter) (Vaults:5)
  An orc (Vaults:5)
  3 bushes
  A butterfly (Zot:1)
  29 fungi
  188 plants
  2 starspawn tentacles (Shoals:3)
  15 tentacles
  26 withered plants
352 creatures vanquished.

Grand Total: 2377 creatures vanquished

Notes
Turn   | Place    | Note
-------+----------+-------------------------------------------
     0 | D:1      | hesitate the Gargoyle Fighter began the quest for the Orb.
     0 | D:1      | Reached XP level 1. HP: 14/14 MP: 1/1
   357 | D:1      | Reached XP level 2. HP: 18/19 MP: 2/2
   471 | D:1      | Found a faded altar of an unknown god.
   831 | D:2      | Reached XP level 3. HP: 24/24 MP: 3/3
  1571 | D:3      | Found an opulent altar of Gozag.
  1599 | D:3      | Became a worshipper of Gozag Ym Sagoz the Greedy
  1757 | D:3      | Reached XP level 4. HP: 29/29 MP: 4/4
  2109 | D:3      | Found a sparkling altar of Nemelex Xobeh.
  2169 | D:3      | Noticed a water moccasin
  2240 | D:3      | Killed a water moccasin
  2241 | D:3      | Reached XP level 5. HP: 24/34 MP: 5/5
  2393 | D:3      | Reached XP level 6. HP: 40/40 MP: 6/6
  2532 | D:3      | Found an ancient bone altar of Kikubaaqudgha.
  2535 | D:3      | Noticed a human
  2536 | D:3      | Killed a human
  2643 | D:4      | Reached skill level 5 in Fighting
  2720 | D:4      | Reached skill level 5 in Axes
  3076 | D:4      | Reached XP level 7. HP: 44/44 MP: 7/7
  3515 | D:5      | Entered Level 5 of the Dungeon
  3874 | D:5      | Reached XP level 8. HP: 50/52 MP: 8/8
  4283 | D:6      | Found a staircase to the Ecumenical Temple.
  4293 | D:6      | Noticed Edmund
  4309 | D:6      | Killed Edmund
  4402 | D:6      | Noticed Maggie
  4421 | D:6      | Killed Maggie
  4488 | D:6      | Reached XP level 9. HP: 58/58 MP: 9/9
  5266 | D:7      | Found a flagged portal.
  5303 | Bailey   | Entered a bailey
  5489 | Bailey   | Noticed an orc knight
  5820 | D:7      | Reached skill level 10 in Axes
  5941 | D:7      | Reached XP level 10. HP: 52/66 MP: 10/10
  6034 | D:7      | Noticed a gargoyle
  6076 | D:7      | Killed a gargoyle
  6077 | D:7      | Reached skill level 10 in Fighting
  6153 | D:7      | Got the Collected Works on Algid Blight
  6176 | D:7      | Identified the +5 halberd of Intimidation {vorpal, rF+
                  | Stlth+}
  6428 | D:7      | Found a stormy altar of Qazlal.
  6926 | D:8      | Noticed a manticore
  6981 | D:8      | Found Rasmuirch's Book Boutique.
  6984 | D:8      | Noticed Maurice
  7008 | D:8      | Killed Maurice
  7058 | D:8      | Noticed a centaur warrior
  7079 | D:8      | Killed a centaur warrior
  7119 | D:8      | Found a staircase to the Lair.
  7150 | D:8      | Found Felolae's Demolitions Depot.
  7196 | D:8      | Killed a manticore
  7197 | D:8      | Reached XP level 11. HP: 21/75 MP: 11/11
  7285 | D:8      | Noticed Joseph
  7295 | D:8      | Killed Joseph
  7365 | D:8      | Noticed a manticore
  7424 | D:8      | Killed a manticore
  7520 | D:8      | Noticed a red ugly thing
  7530 | D:8      | Found the +8 mithril axe "Arga" {speed, Will+}
  7721 | D:8      | Noticed a manticore
  7734 | D:8      | Killed a manticore
  7977 | D:9      | Identified 2 scrolls of acquirement
  7977 | D:9      | Acquired the ring "Nulyej" {rC+ rN+ Dex-2 Slay+2 Stlth+}
  7981 | D:9      | Acquired 415 gold pieces
  8299 | D:9      | Found a broken altar of Ashenzari.
  8304 | D:9      | Found a radiant altar of Vehumet.
  8580 | D:10     | Entered Level 10 of the Dungeon
  8588 | D:10     | Noticed a two-headed ogre
  8601 | D:10     | Killed a two-headed ogre
  8676 | D:10     | Noticed a two-headed ogre
  8716 | D:10     | Found a transporter.
  8723 | D:10     | Found a transporter.
  8724 | D:10     | Noticed gobodom's ghost (novice DjFE)
  8947 | D:10     | Noticed a skeletal warrior
  9222 | D:10     | Noticed a skeletal warrior
  9248 | D:10     | Killed a skeletal warrior
  9353 | Lair:1   | Entered Level 1 of the Lair of Beasts
  9401 | Lair:1   | Reached XP level 12. HP: 68/86 MP: 12/12
  9586 | Lair:1   | Reached skill level 5 in Armour
  9636 | Lair:1   | Noticed a seven-headed hydra
  9839 | Lair:1   | Found a runed translucent door.
  9887 | Lair:1   | Noticed a minotaur
  9907 | Lair:1   | Killed a minotaur
  9908 | Lair:1   | Reached skill level 15 in Fighting
 10286 | Lair:2   | Found a staircase to the Shoals.
 10639 | Lair:2   | Found a staircase to the Snake Pit.
 10706 | Lair:2   | Found an opulent altar of Gozag.
 10835 | Lair:2   | Reached XP level 13. HP: 86/92 MP: 13/13
 11800 | Lair:3   | Reached skill level 10 in Armour
 11935 | Lair:3   | Identified the +6 whip of Overwhelming Force {vorpal, rF+
                  | rC+}
 12587 | Lair:4   | Identified the +1 plate armour of Deram {rC+ Str+6}
 13063 | Lair:5   | Entered Level 5 of the Lair of Beasts
 13178 | Lair:4   | Reached skill level 15 in Axes
 13302 | Lair:5   | Gained mutation: Your large and strong wings let you fly.
                  | [Gargoyle growth]
 13302 | Lair:5   | Reached XP level 14. HP: 91/98 MP: 14/14
 13818 | Lair:5   | Found a runed translucent door.
 13819 | Lair:5   | Found a viscous altar of Jiyva.
 13820 | Lair:5   | Noticed an acid blob
 13820 | Lair:5   | Noticed an acid blob
 13821 | Lair:5   | Found a staircase to the Slime Pits.
 14101 | Lair:5   | Noticed a dire elephant
 14101 | Lair:5   | Noticed a dire elephant
 14101 | Lair:5   | Noticed a dire elephant
 14119 | Lair:4   | Killed a dire elephant
 14296 | Lair:5   | Noticed a dire elephant
 14697 | Lair:5   | Killed a dire elephant
 14713 | Lair:5   | Killed a dire elephant
 14789 | Lair:5   | Killed a dire elephant
 15502 | D:11     | Noticed Sonja
 15543 | D:11     | Killed Sonja
 15583 | D:11     | Found a staircase to the Orcish Mines.
 16541 | D:12     | Reached XP level 15. HP: 103/103 MP: 15/15
 16855 | Orc:1    | Entered Level 1 of the Orcish Mines
 16903 | Orc:1    | Noticed Gastronok
 16905 | Orc:1    | Noticed Erica
 16931 | Orc:1    | Reached skill level 15 in Armour
 16954 | D:11     | Killed Erica
 17134 | Orc:1    | Killed Gastronok
 17227 | Orc:1    | Noticed an orc warlord
 17276 | D:11     | Killed an orc warlord
 17537 | Orc:2    | Entered Level 2 of the Orcish Mines
 17627 | Orc:2    | Noticed Jorgrun
 17743 | Orc:1    | Killed Jorgrun
 17962 | Orc:2    | Found a staircase to the Elven Halls.
 18184 | Orc:2    | Found Cuwnibb's Magic Scroll Boutique.
 18189 | Orc:2    | Found Urelusett's Magic Scroll Shop.
 18442 | Orc:2    | Bought a scroll of identify for 24 gold pieces
 18442 | Orc:2    | Bought a scroll of identify for 24 gold pieces
 18442 | Orc:2    | Bought a scroll of identify for 24 gold pieces
 18442 | Orc:2    | Bought a scroll of identify for 24 gold pieces
 18442 | Orc:2    | Bought a scroll of magic mapping for 90 gold pieces
 18448 | Orc:2    | Bought a scroll of blinking for 90 gold pieces
 18448 | Orc:2    | Bought a scroll of enchant armour for 90 gold pieces
 18840 | Orc:2    | Found Naipoz's Antique Armour Emporium.
 18840 | Orc:2    | Found Riruv's Book Shoppe.
 18840 | Orc:2    | Found a one-way gate leading to the halls of Pandemonium.
 19379 | Orc:2    | Bought +1 pearl dragon scales for 1888 gold pieces
 19801 | D:13     | Found a frozen archway.
 19820 | IceCv    | Entered an ice cave
 19899 | IceCv    | Reached XP level 16. HP: 103/108 MP: 16/16
 19911 | IceCv    | Identified the +0 pair of boots of Nemelex Xobeh's Whim
                  | {rElec rF+}
 20583 | IceCv    | Found the +8 frozen axe "Frostbite" {freezing cloud, *Noise
                  | Fly rC+}
 21167 | D:14     | Noticed Snorg
 21179 | D:14     | Killed Snorg
 21453 | D:14     | Found a gate to the Vaults.
 22373 | D:15     | Entered Level 15 of the Dungeon
 22472 | D:15     | Identified the +4 falchion "Avuucwo" {chaos, rPois rC- MP+9
                  | Str+4}
 22631 | D:15     | Found a corrupted altar of Lugonu.
 22705 | D:15     | Found a staircase to the Depths.
 23979 | Snake:1  | Entered Level 1 of the Snake Pit
 24011 | Snake:1  | Reached XP level 17. HP: 104/113 MP: 17/17
 24121 | Snake:1  | Found a runed translucent gate.
 24123 | Snake:1  | Found a runed translucent gate.
 24123 | Snake:1  | Noticed Yogidamonk's ghost (journeyman MiBe)
 24124 | Snake:1  | Found a runed translucent gate.
 25048 | Snake:2  | Noticed Aizul
 25064 | Snake:2  | Killed Aizul
 25180 | Snake:2  | Noticed Louise
 25221 | Snake:2  | Killed Louise
 25771 | Snake:3  | Reached skill level 5 in Shields
 25803 | Snake:3  | Found Javom's Jewellery Boutique.
 25804 | Snake:3  | Found Vare's Book Emporium.
 25805 | Snake:3  | Found Vogy's Jewellery Boutique.
 25879 | Snake:3  | Identified the +1 hat of Igriubor {Will++ Str-2}
 26929 | Snake:4  | Entered Level 4 of the Snake Pit
 27109 | Snake:4  | Reached skill level 10 in Shields
 27250 | Snake:4  | Reached XP level 18. HP: 119/119 MP: 18/18
 28704 | Snake:4  | Got a serpentine rune of Zot
 28896 | Shoals:1 | Entered Level 1 of the Shoals
 28926 | Shoals:1 | Found a glowing golden altar of the Shining One.
 29838 | Shoals:2 | Reached skill level 15 in Shields
 30268 | Shoals:2 | Reached XP level 19. HP: 125/125 MP: 19/19
 30748 | Shoals:3 | Noticed Mlioglotl
 31005 | Shoals:3 | Killed Mlioglotl
 31047 | Shoals:3 | Identified the ring "Lonetaes" {Fly rElec rPois rF- Will+}
 31984 | Shoals:4 | Entered Level 4 of the Shoals
 32599 | Shoals:4 | Got a barnacled rune of Zot
 33251 | Vaults:1 | Entered Level 1 of the Vaults
 33366 | Vaults:1 | HP: 3/129 [ironbound frostheart/creeping frost[a vault
                  | warden] (26)]
 33797 | Vaults:1 | Found Yqoth's Antique Weapon Shoppe.
 33861 | Vaults:1 | Reached XP level 20. HP: 122/136 MP: 20/20
 35823 | Vaults:1 | Reached XP level 21. HP: 124/146 MP: 21/21
 36050 | Vaults:2 | You are sucked into a shaft and drop 2 floors!
 36561 | Vaults:3 | Found Iquimer's Magic Scroll Boutique.
 36645 | Vaults:3 | Bought a scroll of blinking for 112 gold pieces
 36645 | Vaults:3 | Bought a scroll of enchant armour for 112 gold pieces
 36645 | Vaults:3 | Bought a scroll of magic mapping for 112 gold pieces
 36802 | Vaults:3 | Identified the +5 halberd of the Endless March {antimagic,
                  | +Blink Fly rPois rC-}
 38342 | Vaults:4 | Noticed a golden dragon
 38408 | Vaults:4 | Killed a golden dragon
 38409 | Vaults:4 | Reached XP level 22. HP: 127/156 MP: 22/22
 39093 | Vaults:4 | Identified the +1 leather armour "Vokhloc" {rElec SInv}
 39146 | Vaults:4 | Found Lohua's General Store.
 39154 | Vaults:4 | Bought a potion of haste for 140 gold pieces
 39822 | Depths:1 | Entered Level 1 of the Depths
 39822 | Depths:1 | Found a gateway to Hell.
 40041 | Depths:1 | Found Piffy's General Store.
 40045 | Depths:1 | Found Gotaxke's Specific Store.
 40051 | Depths:1 | Bought a scroll of blinking for 142 gold pieces
 40055 | Depths:1 | Bought an amulet of reflection for 510 gold pieces
 40136 | Depths:1 | Found an ancient bone altar of Kikubaaqudgha.
 40665 | Depths:1 | Gained mutation: You occasionally lose the ability to read
                  | scrolls when taking damage. [a shining eye]
 40749 | Depths:1 | Found Ygrelor's Armour Shoppe.
 40752 | Depths:1 | Bought a +2 helmet of see invisible for 451 gold pieces
 41815 | Depths:2 | Paralysed by a floating eye for 2 turns
 41821 | Depths:2 | Paralysed by a floating eye for 2 turns
 42276 | Depths:2 | Found a hide-covered altar of Uskayaw.
 42476 | Depths:2 | Found a one-way gate to the infinite horrors of the Abyss.
 42568 | Depths:2 | Found a one-way gateway to a ziggurat.
 42902 | Depths:2 | Reached XP level 23. HP: 161/165 MP: 23/23
 42998 | Depths:2 | Identified the +1 scale mail of Ogiapuro {rC+}
 43328 | Depths:2 | Noticed a golden dragon
 43339 | Depths:2 | Killed a golden dragon
 43478 | Depths:2 | Identified the +3 lajatang "Killer Bee's Peril" {chaos,
                  | SInv}
 43914 | Depths:2 | Noticed a caustic shrike
 43928 | Depths:2 | Killed a caustic shrike
 45658 | Depths:3 | Found Honnuvy's Armour Emporium.
 45825 | Depths:3 | Found a portal to a secret trove of treasure.
 45965 | Depths:3 | You paid a toll of a +6 demon whip to enter a treasure
                  | trove
 45966 | Trove    | Entered a treasure trove
 46470 | Depths:4 | Entered Level 4 of the Depths
 46497 | Depths:4 | Found a gate to the Realm of Zot.
 47382 | Depths:4 | Found a large runed translucent door.
 47382 | Depths:4 | Found a large runed translucent door.
 47383 | Depths:4 | Noticed Wiucos's ghost (veteran SpVM)
 47634 | Depths:4 | Noticed a golden dragon
 47634 | Depths:4 | a shadow dragon changed into a golden dragon
 47638 | Depths:4 | Killed a golden dragon
 47748 | Depths:4 | Noticed a caustic shrike
 47748 | Depths:4 | Noticed a caustic shrike
 47768 | Depths:4 | Killed a caustic shrike
 47793 | Depths:4 | Found Bygehock's Distillery.
 48036 | Depths:4 | Noticed a caustic shrike
 48047 | Depths:4 | Killed a caustic shrike
 48048 | Depths:4 | Noticed a caustic shrike
 48061 | Depths:4 | Killed a caustic shrike
 48069 | Depths:4 | Killed a caustic shrike
 48313 | Depths:4 | Noticed a caustic shrike
 48358 | Depths:4 | Killed a caustic shrike
 48403 | Depths:4 | Bought a potion of resistance for 130 gold pieces
 48403 | Depths:4 | Bought a potion of haste for 130 gold pieces
 48403 | Depths:4 | Bought a potion of heal wounds for 65 gold pieces
 48403 | Depths:4 | Bought a potion of haste for 130 gold pieces
 48404 | Depths:4 | Found Bewkegg's Antique Armour Shoppe.
 48406 | Depths:4 | Found Zofan's Antique Armour Shoppe.
 48407 | Depths:4 | Found Zohev's Magic Scroll Shoppe.
 48407 | Depths:4 | Found Zian's Magic Scroll Shoppe.
 48413 | Depths:4 | Bought a scroll of teleportation for 57 gold pieces
 48416 | Depths:4 | Bought a runed scarf for 416 gold pieces
 48421 | Depths:4 | Bought a scroll of teleportation for 60 gold pieces
 49057 | Vaults:5 | Entered Level 5 of the Vaults
 49151 | Vaults:5 | Noticed a dread lich
 49165 | Vaults:5 | Killed a dread lich
 49177 | Vaults:5 | Reached XP level 24. HP: 167/176 MP: 23/23
 49937 | Vaults:5 | Noticed a dread lich
 49989 | Vaults:5 | Identified the +5 ring mail of Qurot {rPois Stlth+}
 50063 | Vaults:5 | Identified the +1 falchion "Nideox" {flame, +Blink Fly}
 50067 | Vaults:5 | Identified the +1 halberd of Ynis {drain, Dex+3}
 50220 | Vaults:5 | Identified the ring "Cilaps" {Ice Stlth+}
 50223 | Vaults:5 | Noticed Xtahua
 50311 | Vaults:5 | Noticed an ancient lich
 51177 | Vaults:5 | Got a silver rune of Zot
 51319 | Vaults:5 | Killed a dread lich
 51792 | Zot:1    | Entered Level 1 of the Realm of Zot
 51792 | Zot:1    | Noticed a curse toe
 51792 | Zot:1    | Noticed a curse toe
 51813 | Depths:4 | Killed a curse toe
 51818 | Depths:4 | Killed a curse toe
 53202 | Zot:1    | Reached XP level 25. HP: 185/185 MP: 23/23
 53531 | Zot:1    | Found a large runed translucent door.
 53533 | Zot:1    | Found a large runed translucent door.
 53534 | Zot:1    | Found a large runed translucent door.
 53534 | Zot:1    | Found a shimmering altar of Xom.
 53534 | Zot:1    | Found a large runed translucent door.
 53534 | Zot:1    | Noticed a Killer Klown
 53535 | Zot:1    | Identified the +8 hand crossbow of Wariness {venom, rC-
                  | Dex+4}
 53535 | Zot:1    | Identified the +0 triple crossbow of Wyrd {elec, rPois rF+
                  | rN+++ Dex-5}
 53560 | Zot:1    | a Killer Klown changed into a titan
 53617 | Zot:1    | Found a large runed translucent door.
 53617 | Zot:1    | Found a large runed translucent door.
 53617 | Zot:1    | Noticed a Killer Klown
 53627 | Zot:1    | Identified the +1 chain mail of Duitwuritaso {rN+ Int-2
                  | Slay+3}
 53628 | Zot:1    | Identified the +1 chain mail of Amorality {rElec rC+ Will+
                  | Str+3}
 53639 | Zot:1    | Killed a Killer Klown
 53651 | Zot:1    | Noticed a Killer Klown
 54229 | Zot:1    | Found a large runed translucent door.
 54229 | Zot:1    | Found a large runed translucent door.
 54230 | Zot:1    | Noticed a Killer Klown
 54233 | Zot:1    | Noticed a Killer Klown
 54235 | Zot:1    | Identified the +7 dire flail of Dismemberment {chaos, rC+}
 54264 | Zot:1    | Killed a Killer Klown
 54325 | Zot:1    | Killed a Killer Klown
 54805 | Zot:2    | Reached skill level 27 in Fighting
 54893 | Zot:2    | Noticed Vv
 54942 | Zot:2    | Killed Vv
 57030 | Zot:3    | Reached skill level 27 in Armour
 57459 | Zot:4    | Noticed an orb of fire
 57615 | Zot:3    | Gained mutation: You occasionally lose the ability to drink
                  | potions when taking damage. [an orb of fire]
 57629 | Zot:3    | Killed an orb of fire
 58632 | Zot:4    | Identified the ring of Birdsong {Ice rN+ MP+9}
 58632 | Zot:4    | Noticed Josephina
 58658 | Zot:4    | Killed Josephina
 59897 | Zot:4    | Reached XP level 26. HP: 167/193 MP: 23/23
 60268 | Zot:5    | Entered Level 5 of the Realm of Zot
 60343 | Zot:5    | Found Butya's CLEARANCE SALE!.
 61032 | Zot:5    | Noticed an orb of fire
 61032 | Zot:5    | Noticed an orb of fire
 61032 | Zot:5    | Noticed an orb of fire
 61032 | Zot:5    | Noticed a Killer Klown
 61032 | Zot:5    | Noticed a Killer Klown
 61032 | Zot:5    | Noticed an orb of fire
 61032 | Zot:5    | Noticed an orb of fire
 61032 | Zot:5    | Gained mutation: You are dopey. (Int -2) [an orb of fire]
 61035 | Zot:5    | Gained mutation: You are frail. (-10% HP) [an orb of fire]
 61060 | Zot:5    | Gained mutation: Potions are less effective at restoring
                  | your health. [an orb of fire]
 61062 | Zot:5    | Killed an orb of fire
 61071 | Zot:5    | Killed an orb of fire
 61076 | Zot:5    | Noticed a Killer Klown
 61076 | Zot:5    | Killed a Killer Klown
 61078 | Zot:5    | Noticed an orb of fire
 61087 | Zot:5    | Noticed an orb of fire
 61090 | Zot:5    | Noticed an orb of fire
 61091 | Zot:5    | Noticed an orb of fire
 61092 | Zot:5    | Noticed a Killer Klown
 61100 | Zot:5    | Noticed a Killer Klown
 61101 | Zot:5    | Gained mutation: You are clumsy. (Dex -2) [an orb of fire]
 61110 | Zot:5    | Killed a Killer Klown
 61120 | Zot:5    | Gained mutation: You are weak. (Str -2) [an orb of fire]
 61127 | Zot:5    | Noticed a dread lich
 61133 | Zot:5    | Killed an orb of fire
 61142 | Zot:5    | Killed an orb of fire
 61167 | Zot:5    | Killed an orb of fire
 61683 | Zot:5    | Killed an orb of fire
 61685 | Zot:5    | Got the Orb of Zot
 61731 | Zot:2    | Gained mutation: Your magical capacity is low. (-10% MP) [a
                  | neqoxec]
 61757 | Zot:1    | Noticed Iwkiwed the pandemonium lord
 61837 | Depths:3 | Noticed Ymezuss the pandemonium lord
 62125 | D:5      | Noticed Jypiw the pandemonium lord
 62365 | D:$      | Escaped with the Orb!

Illustrated notes

Levels and vault maps discovered:
D:1:      ncdulo_lavacross, layout_basic, ebering_ecumenical_altar_hall,
          minmay_pentomino_z4
D:2:      layout_basic
D:3:      layout_loops_corners, nemelex_spade_bored_becter,
          grunt_gozag_breadcrumbs, tgw_kikubaaqudgha, dreamdust_princess_bridge
D:4:      layout_loops_corners, kennysheep_decorative_pillar,
          ebering_dispersal_statue_hall, kennysheep_small_square
D:5:      layout_loops_ring
D:6:      layout_gridville, minmay_temple_entry_mist, uniq_maggie, uniq_edmund
D:7:      minmay_the_grid_square_5x5_3x3 [minmay_the_grid_square_5x5_v,
          minmay_the_grid_square_5x5_inner_i, minmay_the_grid_square_5x5_lines,
          minmay_the_grid_square_5x5_sharp_hourglass,
          minmay_the_grid_square_5x5_megaprize_diamond,
          minmay_the_grid_square_5x5_z, minmay_the_grid_square_5x5_shuriken,
          minmay_the_grid_square_5x5_spiral_small,
          minmay_the_grid_square_5x5_eight_small], layout_loops_corners,
          lemuel_tele_altar, enter_bailey_3
D:8:      minmay_diamond_stairs, layout_basic, lair_entry_dummy, serial_shops,
          nicolae_shop_temple_entry_statues_fountains, nicolae_blasting_shop,
          uniq_joseph, uniq_maurice
D:9:      layout_small_grid, mainiacjoe_overflow_large_starburst
D:10:     layout_long_grid, gammafunk_ghost_arena
D:11:     layout_loops_ring, david_orc_2, nicolae_benzene_ring, uniq_sonja
D:12:     layout_basic
D:13:     layout_loops_cross, portal_ice_cave_rime
D:14:     minmay_open_boxes_in_corner, layout_irregular_city,
          lightli_vaults_fourway_checkpoint, corexii_corridor_pit, uniq_snorg
D:15:     grunt_enter_depths_hoard, layout_basic, grunt_decor_junction,
          tgw_lugonu_bribe
Lair:1:   dreamdust_labyrinth, layout_regular_city
Lair:2:   layout_small_grid, elwin_shoals_entry_stream,
          minmay_snake_entry_six_corridors, basic_altar
Lair:3:   layout_cave_pods, grunt_megastairs_1
Lair:4:   layout_misc_corridors, grunt_megastairs_5
Lair:5:   due_jungle_book, layout_gridlike, slime_entry_2, grunt_megastairs_2
Shoals:1: layout_shoals, lemuel_altar_in_water
Shoals:2: layout_shoals, nicolae_shoals_drake_roost
Shoals:3: layout_shoals, nicolae_shoals_goliath_grotto, uniq_mlioglotl
Shoals:4: shoals_end_grunt_garden, layout_shoals
Snake:1:  layout_misc_corridors, gammafunk_ghost_split,
          nicolae_snake_biting_tails
Snake:2:  layout_onion, grunt_megastairs_3, serial_bayou_shore_b, uniq_aizul,
          uniq_louise
Snake:3:  layout_grid_maze, serial_bayou_shore_a, minmay_shop_grove
Snake:4:  minmay_snake_end_coiled, layout_chambers, nicolae_triple_integral
Orc:1:    layout_caves, basic_altar, uniq_erica, uniq_gastronok
Orc:2:    pf_orc_diabolical, layout_caves, uniq_jorgrun
Vaults:1: vaults_mumra_lcd, v_rooms_2, st_more_cells, v_pattern_3, v_misc_15,
          vaults_mumra_minichess_inversion, ontoclasm_vaults_hangar,
          hangedman_vaults_stream, nicolae_vaults_little_squares_6,
          grunt_vaults_hallway_short, dpeg_vaults_monster_row,
          layout_vaults_big_room, serial_shops, shop
Vaults:2: grunt_vaults_trifunnel, v_misc_3, nicolae_vaults_little_squares_5,
          nicolae_vaults_network_periphery, nicolae_vaults_little_squares_4,
          nicolae_vaults_angled_halls, vaults_mumra_minichess,
          grunt_vaults_hallway_short, v_alt_pattern_1, vaults_dpeg_cross,
          v_misc_12, vaults_room_fours, vaults_room_pool, vaults_room_grid,
          layout_vaults_omnicross
Vaults:3: nicolae_vaults_big_ls, nicolae_vaults_little_squares_2, st_hourglassy,
          v_misc_18, hangedman_vaults_nails, nicolae_vaults_asterisk, v_misc_29,
          hangedman_vaults_pinch, hangedman_vaults_capsules,
          layout_vaults_quadrants, serial_shops, shop
Vaults:4: v_misc_16, vaults_room_fours, nicolae_vaults_little_squares_3,
          vaults_dpeg_hooks, ontoclasm_vaults_chip, vaults_room_grid,
          v_pattern_2, nicolae_vaults_arrows, vaults_standard_mumra_x,
          nicolae_vaults_border_crossing, ontoclasm_vaults_hangar,
          layout_vaults_maze, serial_shops, shop
Vaults:5: uniq_xtahua
Depths:1: layout_honeycomb, nicolae_hell_entry_hellmouth_sunbeams, serial_shops,
          nicolae_shop_behind_doors, minmay_misc_feat_nine_boxes,
          rand_demon_pan_entry_7, nicolae_specific_store,
          corexii_hall_statues_deadend, kiku_gazebo_garden_becter
Depths:2: vault_1, layout_cave_pools, enter_ziggurat_b,
          abyss_entry_small_statue_room, grunt_pan_entry_spiral,
          nicolae_uskayaw_suspiria, hell_entry, lightli_minifort
Depths:3: dpeg_oklob_gauntlet, layout_cave_shapes, hell_entry,
          hangedman_abyss_entry_splay, grunt_decor_one_mirror, enter_trove_6,
          kennysheep_generic_room_4, minmay_shop_star,
          infiniplex_staircase_pillars_1
Depths:4: evilmike_zot_entry_argh, layout_twisted_cross, hell_entry, pan_entry,
          serial_shops, nicolae_shop_trees, ebering_ghost_disaster_area,
          chequers_big_river, nicolae_hexahallways, grunt_decor_cap,
          minmay_shop_grid_forest
Zot:1:    hangedman_snap_crack_crunch, layout_onion_interference,
          hangedman_xom_zot_hilarity
Zot:2:    layout_gridlike, uniq_vv
Zot:3:    layout_gridlike
Zot:4:    layout_concentric_octagons, grunt_ministairs_5, uniq_josephina
Zot:5:    layout_basic, nicolae_shop_clearance

Skill      XL: |  1  2  3  4  5  6  7  8  9 10 11 12 13 14 15 16 17 18 19 20 21 22 23 24 25 26 |
---------------+-------------------------------------------------------------------------------+-----
Axes           | 2 3 4 5 6 8 10 12 13 15 16 17 18 | 18.0
Fighting       | 4 5 6 7 9 11 14 15 18 20 21 23 25 26 27 | 27.0
Armour         | 4 9 12 14 16 20 21 22 23 24 25 26 27 | 27.0
Shields        | 10 15 16 17 18 19 20 21 24 25 | 25.9

Action                   |  1- 3 |  4- 6 |  7- 9 | 10-12 | 13-15 | 16-18 | 19-21 | 22-24 | 25-27 || total
-------------------------+-------+-------+-------+-------+-------+-------+-------+-------+-------++-------
Melee: War axe           |   143 |   152 |   341 |   191 |       |       |       |       |       ||   827
       Broad axe         |       |       |       |   317 |  1193 |  1626 |  1719 |  2140 |  1028 ||  8023
       Morningstar       |       |       |       |       |    39 |    16 |       |       |       ||    55
Invok: Potion Petition   |       |       |       |     3 |     1 |       |     2 |     3 |    14 ||    23
       Call Merchant     |       |       |       |       |     1 |       |       |       |       ||     1
       Bribe Branch      |       |       |       |       |       |       |       |     1 |     1 ||     2
Evoke: Wand              |       |       |       |       |     6 |       |       |     4 |       ||    10
  Use: Scroll            |       |       |     3 |    15 |    11 |     7 |     5 |    15 |    10 ||    66
       Potion            |       |       |     1 |     5 |     2 |       |     5 |     2 |     7 ||    22
 Stab: Distracted        |       |       |       |     2 |     5 |     8 |    14 |    16 |     5 ||    50
       Invisible         |       |       |       |       |       |       |       |       |     1 ||     1
Armor: Scale mail        |    97 |   110 |   160 |       |       |       |       |       |       ||   367
       Steam dragon scal |       |       |    53 |    28 |       |       |       |       |       ||    81
       Chain mail        |       |       |       |   338 |   703 |    76 |       |       |       ||  1117
       Skin              |       |       |       |    13 |    36 |       |       |       |       ||    49
       Pearl dragon scal |       |       |       |       |    67 |   954 |   981 |   816 |   403 ||  3221
Dodge: Dodged            |    98 |    75 |   151 |   201 |   376 |   446 |   368 |   286 |   160 ||  2161
Block: Buckler           |    32 |    22 |    72 |    74 |   176 |   163 |       |       |       ||   539
       Tower shield      |       |       |       |       |       |   298 |  1176 |  1686 |   879 ||  4039
       Reflection        |       |       |       |       |       |       |       |    45 |    27 ||    72

Table legend: (Time is in decaauts)
 A = Elapsed time spent in this place.
 B = Non-inter-level travel time spent in this place.
 C = Inter-level travel time spent in this place.
 D = Time resting spent in this place.
 E = Time spent auto-exploring this place.
 F = Levels seen in this place.
 G = Mean time per level.
                   A        B        C        D        E       F      G
               +--------+--------+--------+--------+--------+-----+--------+
         Total |  59046 |  55453 |   3593 |   9597 |  24955 |  47 | 1256.3 |
       Dungeon |  14765 |  13317 |   1448 |    787 |   8185 |  15 |  984.3 |
          Lair |   6297 |   5828 |    469 |    434 |   2996 |   5 | 1259.4 |
        Shoals |   3941 |   3781 |    160 |    182 |   1927 |   4 |  985.2 |
     Snake Pit |   4465 |   4297 |    168 |    146 |   2485 |   4 | 1116.2 |
  Orcish Mines |   2309 |   2212 |     97 |    267 |    942 |   2 | 1154.5 |
        Vaults |   8353 |   7754 |    599 |   1691 |   2528 |   5 | 1670.6 |
        Depths |   8836 |   8322 |    514 |   2538 |   3255 |   4 | 2209.0 |
           Zot |   9126 |   8990 |    136 |   3480 |   2339 |   5 | 1825.2 |
         Trove |     43 |     43 |      0 |      0 |      0 |   1 |   43.0 |
        Bailey |    196 |    196 |      0 |     39 |      0 |   1 |  196.0 |
      Ice Cave |    710 |    710 |      0 |     31 |    298 |   1 |  710.0 |
               +--------+--------+--------+--------+--------+-----+--------+

Top non-repeatable levels by time:
Depths:2: 3088 daAuts
   Zot:1: 2585 daAuts
Depths:4: 2419 daAuts
Vaults:4: 2347 daAuts
   Zot:3: 2244 daAuts
Vaults:1: 2017 daAuts
   Zot:4: 1902 daAuts
Vaults:3: 1846 daAuts
Depths:1: 1782 daAuts
  Lair:5: 1763 daAuts
     D:7: 1714 daAuts
 Snake:4: 1690 daAuts
   Orc:2: 1611 daAuts
Vaults:5: 1574 daAuts
Depths:3: 1546 daAuts
